 Dungeon Crawl Stone Soup version 0.32-a0-886-g41c5271027 (webtiles) character file.

Game seed: 15512996016914943387

41225 Heh the Carver (level 14, -5/174 HPs)
             Began as a Coglin Gladiator on Apr 3, 2024.
             Was an Initiate of Gozag.
             Slain by a nine-headed hydra (10 damage)
             ... on level 4 of the Lair of Beasts.
             The game lasted 00:36:56 (20098 turns).

Heh the Carver (Coglin Gladiator)                  Turns: 20098, Time: 00:36:57

Health: -5/174     AC: 27    Str: 15    XL:     14   Next: 14%
Magic:  14/14      EV:  2    Int:  7    God:    Gozag
Gold:   1693       SH:  0    Dex: 21    Spells: 12/13 levels left

rFire   + . .        v - +0 scimitar (heavy) {Chun}
rCold   + . .        E - +7 Throatcutter {drain, coup de grace}
rNeg    . . .        n - melded +1 robe {rC+ rF+}
rPois   +            C - melded +1 helmet
rElec   +            (cloak currently unavailable)
rCorr   +            V - melded +2 pair of gloves
SInv    .            G - melded +0 pair of boots
Will    +....        (no amulet)
Stlth   ++           (no ring)
HPRegen 0.49/turn    (no ring)
MPRegen 0.14/turn    t - bismuth generator {Rampage Acrobat rElec Slay+3}

%: acrobat, rampage
@: mighty, tree-form, resistant, gold aura, hasted, studying Short Blades,
invisible, revving, very quick
A: stationary, stasis, torment immunity, boosted hp, off-hand wielding, slow
wielding, warmup strikes, (no jewellery)
a: End Transformation, Renounce Religion, Potion Petition, Call Merchant, Bribe
Branch


You were on level 4 of the Lair of Beasts.
You worshipped Gozag.
Gozag was most pleased with you.
You were a tree.
You visited 3 branches of the dungeon, and saw 19 of its levels.
You also visited: Ice Cave.

You collected 4190 gold pieces.
You paid 2497 gold pieces to Gozag.

Inventory:

Hand Weapons
 l - a +1 long sword of electrocution {Anedjib}
 s - a +4 triple sword of holy wrath {Xochipepe}
 v - a +0 heavy scimitar (weapon) {Chun}
 B - a +2 trident of flaming
 E - the +7 Throatcutter (offhand) {drain, coup de grace}
   (You found it on level 4 of the Dungeon)
 R - a +1 vampiric long sword {Wilfreda}
 Z - a +2 demon blade of draining {Nimrit}
Missiles
 d - 2 throwing nets (quivered)
 e - a javelin
Armour
 n - a +1 robe of resistance (melded)
 C - a +1 helmet (melded)
 D - a +2 leather armour of cold resistance
 G - a +0 pair of boots (melded)
 V - a +2 pair of gloves (melded)
 W - a +2 robe of cold resistance
 Y - the +4 robe of Thoughtfulness {rF+}
   (You found it on level 11 of the Dungeon)

   rF+:       It protects you from fire.
Magical Staves
 g - a staff of air
Gizmo
 t - a bismuth generator (installed) {Rampage Acrobat rElec Slay+3}
   (You invented it yourself on level 4 of the Lair of Beasts)

   [bismuth generator]

   Slay+3:    It affects your accuracy & damage with ranged weapons and melee
   (+3).
   rElec:     It insulates you from electricity.
   Rampage:   It bestows one free step when moving towards enemies.
   Acrobat:   It increases your evasion after moving or waiting.
Talismans
 j - a granite talisman
Wands
 a - a wand of flame (22)
 z - a wand of digging (6)
 J - a wand of polymorph (10)
 O - a wand of light (10)
Scrolls
 c - a scroll of brand weapon {unknown}
 f - 2 scrolls of vulnerability
 h - 7 scrolls of teleportation
 k - a scroll of silence
 p - 2 scrolls of summoning
 q - 3 scrolls of fear
 x - 4 scrolls of enchant weapon {unknown}
 y - 7 scrolls of amnesia {unknown}
 A - a scroll of blinking
 F - 2 scrolls of noise
 I - 5 scrolls of fog {unknown}
 L - 2 scrolls of torment {unknown}
 N - 2 scrolls of revelation
 P - 3 scrolls of poison {unknown}
Potions
 b - a potion of brilliance
 i - 2 potions of degeneration
 m - 3 potions of cancellation {unknown}
 o - a potion of attraction
 r - 5 potions of invisibility {unknown}
 u - 5 potions of haste {unknown}
 w - 12 potions of curing {unknown}
 H - a potion of ambrosia {unknown}
 K - a potion of lignification {unknown}
 S - a potion of might {unknown}
 T - a potion of resistance {unknown}
 U - 4 potions of mutation {unknown}
 X - a potion of enlightenment {unknown}


   Skills:
 + Level 12.5 Fighting
 - Level 14.0 Long Blades
 - Level 1.8 Throwing
 - Level 9.0 Armour
 - Level 11.0 Dodging
 + Level 4.5 Shapeshifting


You had 12 spell levels left.
You knew the following spells:

 Your Spells              Type           Power      Damage    Failure   Level
a - Sting                 Conj/Alch      0%         1d3       43%         1

Your spell library contained the following spells:

 Spells                   Type           Power      Damage    Failure   Level
 Apportation              Tloc           0%         N/A       43%         1
 Necrotise                Necr           0%         1d4       43%         1
 Shock                    Conj/Air       0%         1d3       43%         1
 Summon Small Mammal      Summ           0%         N/A       43%         1
 Ensorcelled Hibernation  Hex/Ice        0%         N/A       56%         2
 Fugue of the Fallen      Necr           0%         N/A       80%         3
 Swiftness                Air            0%         N/A       80%         3
 Teleport Other           Tloc           0%         N/A       80%         3
 Airstrike                Air            0%         2d(0-16)  99%         4
 Anguish                  Hex/Necr       0%         N/A       99%         4
 Dimensional Bullseye     Hex/Tloc       0%         N/A       99%         4
 Leda's Liquefaction      Alch/Erth      0%         N/A       99%         4
 Alistair's Intoxication  Alch           0%         N/A       100%        5
 Borgnjor's Vile Clutch   Necr/Erth      0%         N/A       100%        5
 Lee's Rapid Deconstruct  Erth           0%         3d4*      100%        5
 Summon Forest            Summ/Tloc      0%         N/A       100%        5
 Death Channel            Necr           0%         N/A       100%        6
 Eringya's Noxious Bog    Alch           0%         4d6       100%        6
 Permafrost Eruption      Ice/Erth       0%         2x4d1     100%        6
 Malign Gateway           Summ/Tloc      0%         N/A       100%        7
 Summon Hydra             Summ           0%         N/A       100%        7
 Summon Horrible Things   Summ           0%         N/A       100%        8
 Animate Dead             Necr           Unusable   N/A       N/A         4

Dungeon Overview and Level Annotations

Branches:
Dungeon (13/15)            Temple (1/1) D:5            Lair (5/5) D:8
  Swamp (0/4) Lair:2        Snake (0/4) Lair:3        Slime (0/5) Lair:4
    Orc (0/2) D:11          IceCv (visited)
 Vaults: D:13-14

Altars:
Ashenzari
Cheibriados
Dithmenos
Elyvilon
Fedhas
Gozag
Hepliaklqana
Kikubaaqudgha
Makhleb
Nemelex Xobeh
Okawaru
Qazlal
Ru
Sif Muna
Trog
Uskayaw
Vehumet
Wu Jian
Xom
Yredelemnul
Zin
The Shining One

Shops:
D:8 :

Portals:
Abyss: Lair:4

Annotations:
D:5 3 runed translucent doors, rvierbuc's ghost, amateur DsGl
D:7 Jeremiah
D:9 3 runed translucent doors, pokeman's ghost, novice DEHW
Lair:2 3 runed translucent doors, Gadrel's ghost, journeyman TrAr
Lair:3 exclusion: oklob plant
Lair:4 2 transporters, Pijio's ghost, journeyman MDFi


Innate Abilities, Weirdness & Mutations

You are a tree.
Your roots penetrate the ground, keeping you stationary.
You cannot be teleported.
You are immune to unholy pain and torment.
Your maximum health is greatly increased.
Your equipment is partially melded.
You can wield a second weapon in your off-hand.
It takes a long time for you to wield or remove held weapons.
Your first few attacks do less damage.
((You cannot equip rings or amulets.))


Message History

[c] - 260 gold - haste Purchase which effect?
You feel protected.
You fade into invisibility!
You feel much better. Magic courses through your body.
The eight-headed hydra closely misses you.
The eight-headed hydra barely misses you.
The eight-headed hydra misses you.
The eight-headed hydra barely misses you.
The eight-headed hydra misses you. The eight-headed hydra bites you.
* * * LOW HITPOINT WARNING * * *
The eight-headed hydra bites you!
* * * LOW HITPOINT WARNING * * *
The eight-headed hydra bites you.
* * * LOW HITPOINT WARNING * * *
[a] - 375 gold - haste and enlightenment [b] - 567 gold - haste, resistance, lignification and might [c] - 756 gold - lignification, might, resistance and haste Purchase which effect?
You feel yourself speed up.
You feel protected.
You turn into a tree.
Your +1 helmet melds into your body.
Your +2 pair of gloves melds into your body.
Your +0 pair of boots melds into your body.
Your +1 robe of resistance melds into your body.
You feel hot and cold all over.
Your roots penetrate the ground.
You feel very mighty all of a sudden.
You barely miss the eight-headed hydra with the +7 Throatcutter.
You catch the helpless eight-headed hydra completely off-guard!
You lop one of the eight-headed hydra's heads off!
The seven-headed hydra grows two more!
You slash the nine-headed hydra with your +0 heavy scimitar!
The nine-headed hydra bites you but does no damage. x2
The nine-headed hydra bites you.
* * * LOW HITPOINT WARNING * * *
The nine-headed hydra bites you but does no damage.
The nine-headed hydra bites you!
* * * LOW HITPOINT WARNING * * *
The nine-headed hydra bites you!
You die...
Your body crumbles into a pile of gold.

#...................
#...................
#...................
#...................
#...................
#...................
#...................
#$..................
#.>♣................
#..D.#..#######.####
#.....#### ### #
#.....P#P##########
#.....##...##.#.#.##
#...................
#...................
#...................
#...................


You could see a nine-headed hydra (unable to see you).

Vanquished Creatures
  Rupert (Lair:4)
  Gastronok (D:8)
  Nessos (Lair:4)
  Snorg (Lair:4)
  Fannar (D:11)
  Harold (D:9)
  3 hydras
  2 centaur warriors
  An ice dragon (IceCv)
  A boulder beetle (D:11)
  4 two-headed ogres
  An arcanist (D:13)
  Pikel (D:8)
  A deep elf pyromancer (D:8)
  An ugly thing (D:12)
  A manticore (D:11)
  A black mamba (Lair:3)
  2 ice statues (IceCv)
  2 torpor snails
  9 cane toads
  5 rime drakes
  3 komodo dragons (Lair:4)
  2 trolls
  4 polar bears
  8 blink frogs
  Grinder (D:3)
  A shadow (D:11)
  2 vampires
  Sigmund (D:4)
  10 slime creatures (D:12)
  2 wyverns
  2 unseen horror simulacra (D:9)
  2 basilisks (D:12)
  47 yaks
  A steam dragon (D:10)
  6 vampire mosquitoes (D:11)
  5 nagas (Lair:3)
  Menkaure (D:6)
  A swamp worm (Lair:2)
  11 water moccasins
  Duvessa (D:4)
  2 ice beasts (D:5)
  2 orc warriors
  A sky beast (D:7)
  4 black bears
  3 ogres
  4 centaurs
  10 wolves (Lair:2)
  2 phantoms
  A lemure (D:8)
  2 kobold brigands
  9 bullfrogs
  5 scorpions
  Dowan (D:4)
  3 lindwurm simulacra (IceCv)
  5 electric eels
  4 howler monkeys
  3 bombardier beetles
  10 komodo dragon simulacra (IceCv)
  3 hounds
  A gnoll bouda (D:10)
  4 orc priests
  4 jellies
  2 iguanas
  2 sleepcaps
  7 orc wizards
  11 hell rats
  6 adders
  5 gnolls
  5 acid dragon simulacra (IceCv)
  A white imp (D:6)
  4 ufetubi
  3 steam dragon simulacra (IceCv)
  5 dart slugs
  A ribbon worm (D:4)
  47 orcs
  5 bats
  10 endoplasms
  5 giant cockroaches
  10 hobgoblins
  9 jackals
  3 quokkas
  10 ball pythons
  3 frilled lizards
  8 goblins
  18 kobolds
  12 rats
427 creatures vanquished.

Vanquished Creatures (collateral kills)
  A hound (D:5)
1 creature vanquished.

Grand Total: 428 creatures vanquished

Notes
Turn   | Place    | Note
-------+----------+-------------------------------------------
     0 | D:1      | Heh the Coglin Gladiator began the quest for the Orb.
     0 | D:1      | Reached XP level 1. HP: 16/16 MP: 1/1
    99 | D:1      | Reached XP level 2. HP: 22/22 MP: 2/2
   365 | D:1      | Reached XP level 3. HP: 25/28 MP: 3/3
   941 | D:2      | Reached skill level 4 in Long Blades
   941 | D:2      | Reached XP level 4. HP: 23/34 MP: 4/4
   989 | D:2      | Noticed a scorpion
   993 | D:2      | Killed a scorpion
   994 | D:2      | Reached XP level 5. HP: 40/40 MP: 5/5
  1981 | D:3      | Noticed Grinder
  1985 | D:3      | Killed Grinder
  1986 | D:3      | Reached skill level 5 in Long Blades
  1986 | D:3      | Reached XP level 6. HP: 45/48 MP: 6/6
  2474 | D:3      | Reached skill level 6 in Long Blades
  2474 | D:3      | Reached XP level 7. HP: 43/54 MP: 7/7
  2651 | D:3      | Identified the +7 flail "Qeoshriq" {venom, rCorr}
  2964 | D:4      | Noticed Sigmund
  2977 | D:4      | Killed Sigmund
  2978 | D:4      | Reached skill level 7 in Long Blades
  3067 | D:4      | You fall into a shaft and drop 1 floor!
  3067 | D:5      | Entered Level 5 of the Dungeon
  3112 | D:5      | Found a staircase to the Ecumenical Temple.
  3180 | Temple   | Entered the Ecumenical Temple
  3215 | Temple   | Became a worshipper of Gozag Ym Sagoz the Greedy
  3521 | D:5      | Reached skill level 8 in Long Blades
  3521 | D:5      | Reached XP level 8. HP: 60/60 MP: 8/8
  3550 | D:5      | Reached skill level 9 in Long Blades
  3701 | D:5      | Found a runed translucent gate.
  3701 | D:5      | Found a runed translucent gate.
  3701 | D:5      | Found a runed translucent gate.
  3702 | D:5      | Noticed rvierbuc's ghost (amateur DsGl)
  4014 | D:5      | Found a sacrificial altar of Ru.
  4159 | D:5      | Noticed a yak
  4159 | D:5      | Noticed a yak
  4159 | D:5      | Noticed a yak
  4160 | D:5      | Noticed a yak
  4161 | D:5      | Noticed a yak
  4163 | D:5      | Killed a yak
  4166 | D:5      | Killed a yak
  4167 | D:5      | Reached skill level 5 in Fighting
  4167 | D:5      | Reached XP level 9. HP: 67/68 MP: 9/9
  4170 | D:5      | Reached skill level 10 in Long Blades
  4170 | D:5      | Reached skill level 5 in Dodging
  4696 | D:7      | Reached skill level 1 in Armour
  4976 | D:7      | Found an ornate altar of the Wu Jian Council.
  4976 | D:7      | Noticed Jeremiah
  5520 | D:4      | Found the +7 Throatcutter {drain, coup de grace}
  5752 | D:4      | Noticed Duvessa
  5758 | D:4      | Killed Duvessa
  5758 | D:4      | Noticed Dowan
  5761 | D:4      | Killed Dowan
  5762 | D:4      | Reached XP level 10. HP: 61/76 MP: 10/10
  6781 | D:6      | Reached skill level 11 in Long Blades
  6963 | D:6      | Found a broken altar of Ashenzari.
  7379 | D:6      | Noticed Menkaure
  7384 | D:6      | Killed Menkaure
  7940 | D:8      | Found Diuhukh's Book Shoppe.
  8130 | D:8      | Noticed Gastronok
  8146 | D:8      | Killed Gastronok
  8396 | D:8      | Found a staircase to the Lair.
  8578 | D:8      | Noticed a deep elf pyromancer
  8587 | D:8      | Killed a deep elf pyromancer
  8588 | D:8      | Reached skill level 12 in Long Blades
  8661 | D:8      | Noticed Pikel
  8667 | D:8      | Killed Pikel
  8733 | D:9      | Found a runed translucent gate.
  8733 | D:9      | Found a runed translucent gate.
  8733 | D:9      | Found a runed translucent gate.
  8734 | D:9      | Found an opulent altar of Gozag.
  8742 | D:9      | Reached XP level 11. HP: 79/84 MP: 11/11
  8785 | D:9      | Noticed a two-headed ogre
  8785 | D:9      | Noticed a green ugly thing
  8786 | D:9      | Noticed a fire dragon
  8787 | D:9      | Noticed a four-headed hydra
  8788 | D:9      | Noticed pokeman's ghost (novice DEHW)
  9178 | D:9      | Noticed a two-headed ogre
  9180 | D:9      | Noticed Harold
  9184 | D:9      | Killed a two-headed ogre
  9192 | D:9      | Killed Harold
  9193 | D:9      | Reached skill level 5 in Armour
  9366 | D:9      | Reached skill level 13 in Long Blades
 10206 | D:10     | Entered Level 10 of the Dungeon
 10219 | D:10     | Found a sparkling altar of Nemelex Xobeh.
 10439 | D:10     | Noticed a two-headed ogre
 10444 | D:10     | Killed a two-headed ogre
 10934 | D:11     | Noticed Fannar
 10962 | D:11     | Killed Fannar
 10963 | D:11     | Reached XP level 12. HP: 50/94 MP: 12/12
 11239 | D:11     | Noticed a two-headed ogre
 11249 | D:11     | Killed a two-headed ogre
 11514 | D:11     | Found a staircase to the Orcish Mines.
 11516 | D:11     | Identified the +4 robe of Thoughtfulness {rF+}
 11526 | D:11     | Noticed a two-headed ogre
 11533 | D:11     | Killed a two-headed ogre
 11647 | D:11     | Reached skill level 14 in Long Blades
 12059 | D:11     | Noticed a boulder beetle
 12062 | D:11     | Killed a boulder beetle
 12198 | D:11     | Identified the +1 pair of gloves "Fidwuorph" {Harm Dex+3}
 12661 | D:12     | Noticed a centaur warrior
 12666 | D:12     | Killed a centaur warrior
 12917 | D:12     | Learned a level 1 spell: Sting
 12939 | D:12     | Got the Commentary on the Compass
 13230 | D:13     | Noticed a centaur warrior
 13236 | D:13     | Reached skill level 10 in Fighting
 13246 | D:13     | Killed a centaur warrior
 13569 | D:13     | Noticed a death knight
 13675 | Lair:1   | Entered Level 1 of the Lair of Beasts
 13887 | Lair:1   | Reached XP level 13. HP: 70/104 MP: 13/13
 14583 | Lair:1   | HP: 5/105 [poisoned by a cane toad]
 15062 | Lair:1   | Reached skill level 10 in Dodging
 15866 | Lair:2   | Found a runed translucent gate.
 15866 | Lair:2   | Found a runed translucent gate.
 15957 | Lair:2   | Found a staircase to the Swamp.
 16358 | Lair:2   | Found a runed translucent gate.
 16359 | Lair:2   | Noticed Gadrel's ghost (journeyman TrAr)
 16701 | Lair:3   | Found a frozen archway.
 16724 | IceCv    | Entered an ice cave
 16773 | IceCv    | Reached skill level 1 in Shapeshifting
 17134 | IceCv    | Identified the +4 flail of the Big Bang {protect, rPois
                  | Int+3 Dex-4}
 17270 | IceCv    | Noticed an ice dragon
 17287 | IceCv    | Killed an ice dragon
 17644 | Lair:3   | Identified a scroll of acquirement
 17645 | Lair:3   | Acquired a +2 demon blade of draining
 17739 | Lair:3   | Found a blossoming altar of Fedhas.
 17829 | Lair:3   | Found a staircase to the Snake Pit.
 18598 | Lair:4   | Noticed a rakshasa
 18625 | Lair:4   | Found a staircase to the Slime Pits.
 18720 | Lair:4   | Found a transporter.
 18720 | Lair:4   | Noticed a rakshasa
 18749 | Lair:4   | Found a transporter.
 18756 | Lair:4   | Noticed Snorg
 18768 | Lair:4   | Killed Snorg
 18769 | Lair:4   | Reached XP level 14. HP: 40/115 MP: 14/14
 18769 | Lair:4   | Acquired a bismuth generator {Rampage Acrobat rElec Slay+3}
 18982 | Lair:4   | Found a one-way gate to the infinite horrors of the Abyss.
 18982 | Lair:4   | Noticed Pijio's ghost (journeyman MDFi)
 19042 | Lair:4   | Noticed Rupert
 19051 | Lair:4   | Killed Rupert
 19460 | Lair:4   | Noticed Nessos
 19469 | Lair:4   | Killed Nessos
 19713 | Lair:5   | Entered Level 5 of the Lair of Beasts
 20098 | Lair:4   | HP: 5/174 [nine-headed hydra (11)]
 20098 | Lair:4   | Slain by a nine-headed hydra

Illustrated notes

Levels and vault maps discovered:
D:1:      ldierk_walled_garden_2, layout_basic, chequers_serial_rivers_large_b,
          minmay_misc_feat_x
D:2:      minmay_recursive_quarters, layout_loops_corners
D:3:      cheibrodos_old_hovel, layout_basic, minmay_misc_feat_square,
          st_stairs_2, uniq_grinder
D:4:      layout_loops_corners, dilly_guarded_unrand_throatcut, uniq_sigmund,
          uniq_duvessa
D:5:      layout_basic, mainiacjoe_overflow_chevrons, minmay_temple_entry_hall,
          gammafunk_ghost_nasty_kobolds, minmay_bent
D:6:      minmay_spotlight, layout_layer_cave, ashenzari_conservatory_becter,
          uniq_menkaure
D:7:      minmay_klotski, layout_basic, lemuel_tele_altar,
          chequers_hall_statues_wall_a, serial_bayou_pond_c,
          minmay_manual_mares, uniq_jeremiah
D:8:      layout_basic, dpeg_lair_monsters, serial_shops,
          nicolae_shop_gibbet_a_chance, minmay_microvault, uniq_gastronok,
          uniq_pikel
D:9:      layout_cave_pools, ebering_ghost_gozag, serial_ice, serial_ice_o,
          serial_ice_h, serial_ice_i, serial_ice_m, nzn_life_drinkers,
          uniq_harold
D:10:     layout_irregular_city, nicolae_overflow_hidden_temple
D:11:     layout_small_grid, orc_0_dummy, uniq_fannar
D:12:     layout_roguey, amcnicky_mini_rare_corridor_liquid
D:13:     minmay_tearing_corner, layout_basic, minmay_three_doors
Temple:   regret_index_temple_chain_breaker
Lair:1:   layout_chaotic_city, st_stairs_11, beast_lair_carwin_4,
          grunt_megastairs_5, serial_bayou_shore_a
Lair:2:   layout_regular_city, nicolae_swamp_entry_splash_gauntlet,
          ebering_ghost_rock_garden
Lair:3:   layout_gridlike, minmay_snake_entry_guardpost_large,
          portal_ice_cave_entry_pillars_2, tgw_fedhas
Lair:4:   layout_long_grid, slime_entry_1, gammafunk_ghost_abyssal_escape,
          uniq_nessos, uniq_rupert, uniq_snorg
Lair:5:   minmay_lair_end_enchanted_forest, layout_hall_layers,
          grunt_megastairs_1

Skill      XL: |  1  2  3  4  5  6  7  8  9 10 11 12 13 14 |
---------------+-------------------------------------------+-----
Dodging        | 3 4 6 7 8 9 11 | 11.0
Long Blades    | 4 5 6 8 9 10 12 13 14 | 14.0
Fighting       | 3 4 5 6 7 8 10 12 | 12.5
Armour         | 2 4 6 8 9 |  9.0
Shapeshifting  | 3 4 |  4.5
Throwing       | |  1.8

Action                     |  1- 3 |  4- 6 |  7- 9 | 10-12 | 13-15 || total
---------------------------+-------+-------+-------+-------+-------++-------
  Melee: Long sword        |    54 |    87 |   222 |   620 |   521 ||  1504
         Dagger            |    42 |       |       |       |       ||    42
         Flail             |       |       |    92 |       |       ||    92
         Demon blade       |       |       |       |       |    58 ||    58
         Scimitar          |       |       |       |       |    64 ||    64
  Throw: Throwing net      |       |       |     3 |     7 |       ||    10
 Invoke: Potion Petition   |       |       |       |     1 |     4 ||     5
Ability: Invent Gizmo      |       |       |       |       |     1 ||     1
  Evoke: Wand              |       |       |       |       |    13 ||    13
    Use: Scroll            |       |       |     3 |     4 |     7 ||    14
         Potion            |       |       |       |     1 |     3 ||     4
   Stab: Sleeping          |     1 |     1 |       |     2 |     2 ||     6
         Distracted        |       |       |     1 |     2 |     3 ||     6
         Held in net/web   |       |       |       |     6 |       ||     6
         Invisible         |       |       |       |       |     6 ||     6
 Armour: Leather armour    |    32 |     4 |       |       |       ||    36
         Ring mail         |       |    17 |   109 |   130 |       ||   256
         Robe              |       |       |       |    68 |   225 ||   293
         Skin              |       |       |       |     2 |     6 ||     8
  Dodge: Dodged            |    29 |    26 |   108 |   231 |   371 ||   765

Table legend: (Time is in decaauts)
 A = Elapsed time spent in this place.
 B = Non-inter-level travel time spent in this place.
 C = Inter-level travel time spent in this place.
 D = Time resting spent in this place.
 E = Time spent auto-exploring this place.
 F = Levels seen in this place.
 G = Mean time per level.
                   A        B        C        D        E       F      G
               +--------+--------+--------+--------+--------+-----+--------+
         Total |  20051 |  18778 |   1273 |   1416 |  14332 |  20 | 1002.5 |
       Dungeon |  13776 |  12657 |   1119 |    683 |   9979 |  13 | 1059.7 |
        Temple |     55 |     35 |     20 |      0 |      0 |   1 |   55.0 |
          Lair |   5420 |   5287 |    133 |    733 |   3899 |   5 | 1084.0 |
      Ice Cave |    798 |    798 |      0 |      0 |    454 |   1 |  798.0 |
               +--------+--------+--------+--------+--------+-----+--------+

Top non-repeatable levels by time:
  Lair:1: 1815 daAuts
  Lair:4: 1534 daAuts
     D:9: 1515 daAuts
     D:5: 1418 daAuts
    D:11: 1362 daAuts
     D:6: 1255 daAuts
     D:3: 1217 daAuts
     D:4: 1193 daAuts
     D:2: 1042 daAuts
  Lair:3: 1027 daAuts
  Lair:2: 1021 daAuts
    D:12: 944 daAuts
     D:8: 924 daAuts
     D:7: 922 daAuts
     D:1: 851 daAuts
